 Dungeon Crawl Stone Soup version 0.23.0 (webtiles) character file.

Game seed: 198358760915643340

8387 Lavandula the Grappler (level 11, -2/109 HPs)
             Began as a Troll Hunter on Feb 15, 2019.
             Was a High Priest of Wu Jian.
             Slain by a centaur (4 damage)
             ... on level 2 of the Orcish Mines.
             The game lasted 00:22:21 (5702 turns).

Lavandula the Grappler (Troll Hunter)               Turns: 5702, Time: 00:22:22

Health: -2/109     AC:  7    Str: 25    XL:     11   Next: 9%
Magic:  10/10      EV: 13    Int:  7    God:    Wu Jian [*****.]
Gold:   582        SH:  0    Dex: 10    Spells: 10/10 levels left

rFire    . . .     SeeInvis .     - Unarmed
rCold    . . .     Gourm    +   (no shield)
rNeg     . . .     Faith    .   R - +1 robe {MR+}
rPois    +         Spirit   .   (helmet restricted)
rElec    .         Reflect  .   (no cloak)
rCorr    .         Harm     .   (gloves unavailable)
MR       +....                  (boots unavailable)
Stlth    +.........             y - amulet of regeneration
HPRegen  1.08/turn              g - ring of poison resistance
MPRegen  0.12/turn              (no ring)

@: no status effects
A: large, unfitting armour, claws 3, fast metabolism 3, gourmand, regeneration
1, shaggy fur 1, tough skin 3
a: Wall Jump, Serpent's Lash, Heavenly Storm, Renounce Religion


You were on level 2 of the Orcish Mines.
You worshipped Wu Jian.
Wu Jian was extremely pleased with you.
You were very full.

You visited 2 branches of the dungeon, and saw 11 of its levels.
You also visited: Ossuary.

You collected 582 gold pieces.

Inventory:

Hand Weapons
 a - a +0 short sword
 w - a +0 blowgun
Missiles
 c - 8 large rocks (quivered)
 d - 2 throwing nets
 v - 5 tomahawks of returning
 x - 42 poisoned needles
 C - 16 tomahawks
 M - 10 curare-tipped needles
Armour
 b - a +0 robe
 Q - a +1 robe of the Archmagi
 R - a +1 robe of magic resistance (worn)
Jewellery
 g - a ring of poison resistance (left claw)
 h - an uncursed ring of ice
 u - an uncursed ring of wizardry
 y - an amulet of regeneration (around neck)
 F - a +3 ring of dexterity {unknown}
 I - a cursed ring of teleportation {unknown}
 L - an uncursed ring of wizardry
Wands
 E - a wand of polymorph (9)
 G - a wand of clouds (4)
 N - a wand of scattershot (4)
 P - a wand of iceblast (23)
Scrolls
 e - 4 scrolls of amnesia {unknown}
 i - 5 scrolls of magic mapping {unknown}
 k - 6 scrolls of remove curse {unknown}
 m - 6 scrolls of teleportation {unknown}
 o - 4 scrolls of immolation {unknown}
 p - 2 scrolls of random uselessness {unknown}
 s - 4 scrolls of identify {unknown}
 D - a scroll of fear {unknown}
 J - 2 scrolls of enchant armour {unknown}
 K - a scroll of vulnerability {unknown}
 O - a scroll of enchant weapon {unknown}
Potions
 j - 4 potions of magic {unknown}
 l - 4 potions of degeneration {unknown}
 n - 6 potions of curing {unknown}
 q - 2 potions of mutation {unknown}
 r - a potion of haste {unknown}
 t - a potion of brilliance {unknown}
 z - a potion of might {unknown}
 A - a potion of berserk rage {unknown}
 B - 7 potions of heal wounds {unknown}
 H - a potion of agility {unknown}
Comestibles
 f - 15 rations


   Skills:
 - Level 7.2 Fighting
 - Level 3.6 Throwing
 - Level 8.3 Dodging
 - Level 0.3 Stealth
 + Level 11.4 Unarmed Combat


You had 10 spell levels left.
You didn't know any spells.
Your spell library contained the following spells:

 Spells                   Type           Power        Failure   Level  Hunger
 Beastly Appendage        Tmut           #.....       43%         1    ##.....
 Sticks to Snakes         Tmut           #.......     56%         2    ###....
 Spider Form              Tmut/Pois      #.........   80%         3    ####...
 Ice Form                 Ice/Tmut       #.......     99%         4    #####..
 Blade Hands              Tmut           #.........   100%        5    ######.


Dungeon Overview and Level Annotations

Branches:
Dungeon (9/15)             Temple (0/1) D:7             Orc (2/2) D:9
   Lair: D:8-11         Elf: Orc:2

Altars:
Wu Jian
Zin

Shops:
D:6 =([[

Annotations:
D:3 2 transporters, coffeespoons's ghost, amateur TrMo


Innate Abilities, Weirdness & Mutations

You are too large for most types of armour.
You have claws for hands.
Your metabolism is lightning-fast.
You like to eat raw meat.
Your natural rate of healing is unusually fast.
You are covered in fur. (AC +1)
You have extremely tough skin. (AC +3)


Message History

The centaur unwields a +0 shortbow.
The centaur hits you.
* * * LOW HITPOINT WARNING * * *
The centaur warrior hits you!
* * * LOW HITPOINT WARNING * * *
You see here 2 arrows.
Okay, then.
Okay, then.
Evoke which item? (* to show all) (? for menu, Esc to quit)
Aiming: Cloud Cone
Press: ? - help, Dir - move target cursor, f - centaur warrior
Aim: a centaur warrior (almost dead, pinned by a whirlwind)
You create a blast of freezing vapour!
The centaur hits you!
* * * LOW HITPOINT WARNING * * *
The centaur warrior is engulfed in freezing vapours.
The centaur warrior hits you!
* * * LOW HITPOINT WARNING * * *
The centaur is engulfed in freezing vapours.
The centaur hits you but does no damage.
The centaur hits you.
You die...

..#. .. ....
..≈≈≈ .###. ..
..... .... ≈≈ ##
##..# .... ...
.≈≈
...##co##..##..^
#........§§§....
....h.§§§§....
##..#§§§§...#
#..ccc§§...#
##.(@§...###
##...(..###
#...<....#
##.#(.((##
####.### ###


You could see a centaur warrior (pinned), a warg, 3 centaurs and an orc.

Vanquished Creatures
  A hydra (D:8)
  Sonja (Orc:1)
  The ghost of Lanoc the Magician, a novice GnFE of Sif Muna (D:7)
  Pikel (D:5)
  An ugly thing (D:7)
  A manticore (D:9)
  Psyche (D:9)
  A hippogriff (D:9)
  Sigmund (D:5)
  Eustachio (D:6)
  A vampire mosquito (D:8)
  Edmund (D:6)
  A warg (Orc:1)
  2 soldier ants (D:8)
  4 orc warriors
  An ice beast (D:8)
  Duvessa (D:6)
  2 sky beasts
  A necrophage (D:3)
  A black bear (D:7)
  2 phantoms (D:4)
  6 ogres
  A crocodile (D:7)
  A centaur (D:8)
  A big kobold (D:7)
  A bullfrog (D:7)
  3 water moccasin zombies (Ossuary)
  Dowan (D:6)
  2 scorpions
  12 killer bees
  2 howler monkeys
  A quasit (D:8)
  3 crimson imps
  3 hounds
  A jelly (D:9)
  4 orc priests
  A bullfrog skeleton (D:9)
  A centaur skeleton (D:5)
  7 orc wizards
  Jessica (D:3)
  Natasha (D:3)
  An iguana (D:4)
  8 worker ants
  3 big kobold zombies (Ossuary)
  2 hound skeletons
  2 mummies (Ossuary)
  4 gnolls
  17 adders
  An adder skeleton (D:6)
  6 adder zombies
  2 worms
  2 dart slugs (D:2)
  3 leopard geckos
  26 orcs
  A bat zombie (D:1)
  5 giant cockroaches
  3 gnoll zombies (Ossuary)
  11 goblins
  8 hobgoblins
  11 jackals
  2 quokkas
  4 ball pythons
  4 bats (D:1)
  7 frilled lizards
  5 hobgoblin zombies (Ossuary)
  10 kobolds
  3 kobold zombies (Ossuary)
  3 orc zombies (Ossuary)
  15 rats
249 creatures vanquished.

Vanquished Creatures (others)
  An orc (Orc:1)
1 creature vanquished.

Grand Total: 250 creatures vanquished

Notes
Turn   | Place    | Note
-------+----------+-------------------------------------------
     0 | D:1      | Lavandula the Troll Hunter began the quest for the Orb.
     0 | D:1      | Reached XP level 1. HP: 19/19 MP: 0/0
    17 | D:1      | Reached skill level 1 in Unarmed Combat
   118 | D:1      | Reached XP level 2. HP: 27/27 MP: 1/1
   227 | D:1      | Reached skill level 2 in Unarmed Combat
   332 | D:1      | Reached XP level 3. HP: 33/33 MP: 2/2
   935 | D:2      | Reached skill level 3 in Unarmed Combat
   998 | D:2      | Found a faded altar of an unknown god.
  1030 | D:2      | Became a worshipper of the Wu Jian Council
  1030 | D:2      | Reached * piety under Wu Jian
  1284 | D:2      | Reached XP level 4. HP: 41/41 MP: 3/3
  1446 | D:2      | Reached skill level 4 in Unarmed Combat
  1586 | D:3      | Noticed a necrophage
  1597 | D:3      | Killed a necrophage
  1597 | D:3      | Reached skill level 5 in Unarmed Combat
  1597 | D:3      | Reached XP level 5. HP: 42/48 MP: 4/4
  1607 | D:3      | Reached ** piety under Wu Jian
  1656 | D:3      | Noticed Jessica
  1693 | D:3      | Killed Jessica
  1754 | D:3      | Reached XP level 6. HP: 55/55 MP: 5/5
  1837 | D:3      | Reached skill level 6 in Unarmed Combat
  1866 | D:3      | Found a transporter.
  1867 | D:3      | Noticed coffeespoons's ghost (amateur TrMo)
  1868 | D:3      | Found a transporter.
  2242 | D:3      | Noticed Natasha
  2250 | D:3      | Killed Natasha
  2315 | D:4      | Found a sand-covered staircase.
  2330 | Ossuary  | Entered an ossuary
  2353 | Ossuary  | Reached *** piety under Wu Jian
  2402 | Ossuary  | Reached skill level 7 in Unarmed Combat
  2467 | Ossuary  | Reached XP level 7. HP: 62/62 MP: 6/6
  2583 | D:4      | Reached skill level 8 in Unarmed Combat
  2858 | D:4      | Reached skill level 9 in Unarmed Combat
  2944 | D:4      | Reached XP level 8. HP: 70/70 MP: 7/7
  3047 | D:5      | Entered Level 5 of the Dungeon
  3208 | D:5      | Reached **** piety under Wu Jian
  3296 | D:5      | Noticed Pikel
  3334 | D:5      | Killed Pikel
  3334 | D:5      | Reached skill level 11 in Unarmed Combat
  3397 | D:5      | Noticed Sigmund
  3402 | D:5      | Killed Sigmund
  3556 | D:6      | Found Watech's Armour Shoppe.
  3573 | D:6      | Noticed Dowan
  3575 | D:6      | Noticed Duvessa
  3581 | D:6      | Killed Dowan
  3581 | D:6      | Reached XP level 9. HP: 69/76 MP: 8/8
  3587 | D:6      | Killed Duvessa
  3588 | D:6      | Found Xoitieph's Antique Armour Shop.
  3626 | D:6      | Noticed Edmund
  3627 | D:6      | Noticed Eustachio
  3633 | D:6      | Killed Edmund
  3660 | D:6      | Killed Eustachio
  3702 | D:6      | Found Bupni's Weapon Shoppe.
  3836 | D:6      | Found Wuitim's Jewellery Emporium.
  4008 | D:7      | Found a large runed translucent door.
  4033 | D:7      | Found a large runed translucent door.
  4036 | D:7      | Noticed Lanoc's ghost (novice GnFE)
  4051 | D:7      | Killed Lanoc's ghost
  4091 | D:7      | Found a staircase to the Ecumenical Temple.
  4294 | D:7      | Noticed a white ugly thing
  4312 | D:7      | Killed a white ugly thing
  4312 | D:7      | Reached XP level 10. HP: 70/85 MP: 9/9
  4408 | D:8      | Reached ***** piety under Wu Jian
  4419 | D:8      | Noticed a six-headed hydra
  4421 | D:8      | Killed a six-headed hydra
  4892 | D:9      | Noticed Psyche
  4900 | D:9      | Killed Psyche
  4919 | D:9      | Reached skill level 5 in Fighting
  5028 | D:8      | Found a glowing silver altar of Zin.
  5082 | D:9      | Noticed a manticore
  5102 | D:9      | Killed a manticore
  5142 | D:9      | Found a staircase to the Orcish Mines.
  5150 | Orc:1    | Entered Level 1 of the Orcish Mines
  5154 | Orc:1    | Noticed Sonja
  5161 | Orc:1    | Killed Sonja
  5161 | Orc:1    | Reached XP level 11. HP: 102/107 MP: 10/10
  5571 | Orc:2    | Entered Level 2 of the Orcish Mines
  5571 | Orc:2    | Noticed an orc sorcerer
  5640 | Orc:2    | Noticed a centaur warrior
  5702 | Orc:2    | HP: 2/109 [centaur warrior (14)]
  5702 | Orc:2    | Slain by a centaur

Skill      XL: |  1  2  3  4  5  6  7  8  9 10 11 |
---------------+----------------------------------+-----
Unarmed Combat | 1 2 3 5 7 9 11 | 11.4
Dodging        | 7 8 |  8.3
Fighting       | 6 7 |  7.2
Throwing       | |  3.6
Stealth        | |  0.3

Action                   |  1- 3 |  4- 6 |  7- 9 | 10-12 || total
-------------------------+-------+-------+-------+-------++-------
Melee: Unarmed           |    85 |   198 |   261 |   244 ||   788
       Short sword       |     3 |       |       |       ||     3
       Punch             |       |     6 |    11 |     9 ||    26
Throw: Tomahawk          |       |       |     9 |       ||     9
       Large rock        |       |       |    11 |       ||    11
Invok: Lunge             |     7 |    24 |    15 |     9 ||    55
       Whirlwind         |     1 |     1 |    68 |    83 ||   153
       Serpent's Lash    |       |       |     1 |     4 ||     5
 Abil: Wall Jump         |       |     1 |     1 |     3 ||     5
Evoke: Wand              |       |       |     1 |     6 ||     7
 Stab: Sleeping          |     5 |       |       |     1 ||     6
       Confused          |       |       |     1 |       ||     1
  Eat: Chunk             |    11 |    15 |    19 |    12 ||    57
Armor: Robe              |    28 |    47 |    77 |    54 ||   206
Dodge: Dodged            |    39 |    62 |    88 |   154 ||   343
